AoeStats
← Ghocks

Black Forest

508750597Analyzed
3v3 RM · 9d ago on Sep 23, 2026· 77m 56s· 6 players
Game mode
Random Map
Map size
Normal (6 player)
Population
200
Speed
Normal
Resources
Standard
Victory
Conquest
Starting age
Dark Age
Ending age
Imperial Age
RankedLock teamsTeams togetherTeam positionsShared explorationLock speedFull tech treeHidden civsTurbo modeCheats
Victory
Defeat
🇹🇷 Varangians · Türkiye
1150
+13
🇹🇷 Hindustanis · Türkiye
1141
+14
🇹🇷 Bohemians · Türkiye
1050
+17
🇲🇽 Franks · Mexico
1098
-15
🇩🇪 Goths · Germany
1094
-15
🇸🇪 Danes · Sweden
1065
-14
WRick
11:49 Feudal Age
10:57 Loom
13:41 Double-Bit Axe
17:13 Castle Age
16:14 Gold Mining
16:06 Horse Collar
18:19 Wheelbarrow
18:07 Bow Saw
19:45 Squires
19:30 Gambesons
21:35 Heavy Plow
24:23 Scale Mail Armor
25:29 Stone Mining
25:56 Bow Saw
28:22 Hand Cart
29:48 Chain Mail Armor
29:24 Arson
30:03 Masonry
31:48 Redemption
34:41 Imperial Age
32:38 Forging
32:06 Hamask
33:58 Ballistics
33:34 Murder Holes
34:59 Gold Shaft Mining
35:42 Iron Casting
36:25 Stone Shaft Mining
36:58 Chemistry
36:04 Siege Engineers
37:39 Caravan
37:30 Town Watch
38:07 Conscription
38:13 Northmen's Fury
40:03 Elite Jomsviking
40:53 Thumb Ring
40:12 Elite Skirmisher
40:53 Padded Archer Armor
40:47 Fletching
40:35 Onager
42:28 Plate Mail Armor
42:59 Blast Furnace
42:32 Siege Onager
44:49 Block Printing
46:28 Hoardings
46:01 Bodkin Arrow
46:22 Leather Archer Armor
46:25 Elite Varangian Guard
46:58 Pikeman
49:08 Halberdier
49:51 Halberdier
50:37 Cranequins
52:06 Bracer
54:44 Heavy Mounted Crossbowman
55:34 Husbandry
55:48 Bloodlines
55:10 Heavy Mounted Crossbowman
64:46 Heavy Scorpion
69:33 Ring Archer Armor
Event 201
2:20 Loom
14:25 Feudal Age
15:37 Town Watch
15:56 Double-Bit Axe
17:04 Horse Collar
21:55 Gold Mining
22:45 Wheelbarrow
21:56 Town Watch
24:49 Castle Age
22:45 Stone Mining
27:06 Hand Cart
27:21 Bow Saw
27:41 Heavy Plow
38:24 Town Watch
40:03 Scale Mail Armor
40:14 Forging
41:10 Pikeman
41:50 Squires
41:11 Man-at-Arms
42:10 Chain Mail Armor
42:30 Iron Casting
42:04 Anarchy
42:39 Caravan
43:10 Coinage
46:10 Imperial Age
46:56 Perfusion
46:20 Elite Huskarl
47:21 Conscription
46:24 Halberdier
53:53 Blast Furnace
alexisxsegura
0:52 Loom
15:18 Feudal Age
19:06 Castle Age
17:41 Double-Bit Axe
20:01 Bow Saw
28:04 Wheelbarrow
30:28 Hand Cart
31:48 Forging
34:29 Imperial Age
32:24 Fletching
33:10 Iron Casting
33:10 Fortified Wall
33:11 Scale Mail Armor
34:23 Coinage
34:49 Treadmill Crane
36:11 Chemistry
35:34 Conscription
35:12 Town Watch
35:45 Chain Mail Armor
36:31 Blast Furnace
36:30 Banking
37:02 Plate Mail Armor
36:28 Bodkin Arrow
37:07 Gambesons
37:23 Squires
37:08 Arson
36:45 Man-at-Arms
37:38 Long Swordsman
38:34 Two-Handed Swordsman
38:39 Pikeman
39:18 Champion
41:38 Masonry
41:33 Siege Engineers
41:24 Murder Holes
41:09 Treadmill Crane
44:26 Elite Throwing Axeman
45:55 Scale Barding Armor
45:58 Caravan
46:44 Halberdier
66:13 Onager
67:04 Ordonnance Companies
narkdight
0:39 Loom
16:42 Feudal Age
23:15 Castle Age
21:33 Double-Bit Axe
24:18 Horse Collar
29:30 Wheelbarrow
29:55 Town Watch
31:12 Hand Cart
31:23 Heavy Plow
31:17 Gold Mining
32:16 Bow Saw
32:57 Gold Shaft Mining
36:51 Imperial Age
34:39 Stone Mining
36:25 Scale Barding Armor
36:30 Forging
36:11 Fletching
36:49 Town Patrol
37:30 Stone Shaft Mining
37:03 Caravan
37:34 Chain Barding Armor
37:26 Bloodlines
37:17 Husbandry
37:43 Fortified Wall
38:45 Two-Man Saw
37:47 Heavy Camel Rider
39:57 Chemistry
39:33 Ballistics
40:36 Iron Casting
40:54 Plate Barding Armor
40:15 Imperial Camel Rider
43:45 Blast Furnace
42:41 Bodkin Arrow
42:46 Padded Archer Armor
44:41 Onager
54:36 Conscription
54:19 Grand Trunk Road
55:03 Bracer
55:18 Leather Archer Armor
55:06 Scale Mail Armor
55:27 Leather Archer Armor
56:06 Light Cavalry
60:31 Siege Elephant
63:26 Siege Engineers
67:28 Hussar
74:12 Elite Skirmisher
74:57 Thumb Ring
76:06 Scale Mail Armor
76:37 Masonry
76:23 Murder Holes
76:18 Guard Tower
76:39 Careening
76:40 Clinker Construction
77:01 Ring Archer Armor
77:18 Conscription
baha
6:59 Loom
10:41 Feudal Age
15:09 Castle Age
12:59 Double-Bit Axe
19:13 Horse Collar
24:30 Bow Saw
24:31 Heavy Plow
25:49 Wheelbarrow
29:32 Imperial Age
27:19 Hand Cart
27:41 Gold Mining
28:28 Stone Mining
29:30 Ballistics
30:22 Padded Archer Armor
31:26 Chemistry
30:20 Fletching
31:45 Leather Archer Armor
32:11 Crop Rotation
31:53 Bodkin Arrow
31:26 Elite Jarl
32:27 Conscription
33:05 Bloodlines
32:56 Husbandry
34:47 Ring Archer Armor
34:18 Bracer
34:17 Treadmill Crane
36:49 Forging
37:13 Light Cavalry
39:56 Coinage
40:35 Scale Barding Armor
41:06 Iron Casting
42:19 Chain Barding Armor
43:34 Blast Furnace
43:04 Caravan
43:34 Banking
43:16 Guilds
44:56 Plate Barding Armor
44:15 Town Watch
46:17 Town Patrol
Ghocks
1:07 Loom
12:37 Feudal Age
17:30 Castle Age
15:59 Horse Collar
16:28 Double-Bit Axe
18:24 Wheelbarrow
25:41 Fortified Wall
27:00 Ballistics
26:33 Fletching
28:48 Bow Saw
29:25 Bodkin Arrow
31:02 Hand Cart
32:06 Caravan
33:04 Padded Archer Armor
37:18 Imperial Age
34:34 Town Watch
35:52 Leather Archer Armor
35:38 Scale Mail Armor
35:49 Forging
35:44 Scale Barding Armor
36:14 Coinage
36:19 Murder Holes
36:36 Masonry
37:27 Chemistry
36:32 Pikeman
37:13 Squires
36:58 Arson
37:49 Wagenburg Tactics
38:37 Conscription
39:53 Two-Man Saw
39:51 Bombard Tower
39:45 Bracer
40:19 Heavy Plow
40:52 Ring Archer Armor
40:39 Chain Mail Armor
41:10 Banking
40:58 Guilds
40:56 Town Patrol
41:38 Architecture
41:14 Siege Engineers
41:01 Guard Tower
42:07 Hussite Reforms
41:33 Sappers
43:08 Iron Casting
43:04 Plate Mail Armor
42:54 Chain Barding Armor
42:20 Elite Hussite Wagon
42:51 Houfnice
42:55 Crossbowman
42:55 Elite Skirmisher
44:15 Halberdier
44:57 Onager
44:57 Heavy Scorpion
44:58 Capped Ram
45:01 Arbalester
46:35 Keep
45:45 Arrowslits
47:13 Blast Furnace
72:59 Block Printing
72:54 Fervor
72:45 Atonement
73:11 Illumination
72:18 Man-at-Arms
74:39 Long Swordsman
77:09 Long Swordsman
Connection lost

Rejoining the realm…

Still unreachable

The connection could not be restored.

Session expired

The server has moved on; the page needs a fresh start.